 Dungeon Crawl Stone Soup version 0.24.0-13-gcf9b319 (webtiles) character file.

Game seed: 4913924225388499929, levelgen mode: deterministic

133 Bronimir the Charmwright (level 5, 0/41 HPs)
             Began as a Barachi Skald on Apr 7, 2020.
             Slain by a two-headed ogre
             ... wielding a cursed -1 giant spiked club
              (9 damage)
             ... on level 4 of the Dungeon on Apr 8, 2020.
             The game lasted 00:06:41 (3794 turns).

Bronimir the Charmwright (Barachi Skald)            Turns: 3794, Time: 00:06:43

Health: 0/41       AC:  8    Str: 13    XL:     5   Next: 16%
Magic:  5/8        EV: 11    Int: 14    God:
Gold:   158        SH:  0    Dex: 11    Spells: 3/8 levels left

rFire    + . .     SeeInvis .   a - +0 hand axe
rCold    . . .     Gourm    .   (no shield)
rNeg     . . .     Faith    .   h - +1 ring mail {rF+}
rPois    +         Spirit   .   (no helmet)
rElec    .         Reflect  .   u - +0 cloak
rCorr    .         Harm     .   (no gloves)
MR       .....                  v - +0 pair of boots
Stlth    +.........             x - amulet of inaccuracy
HPRegen  0.13/turn              f - ring of poison resistance
MPRegen  0.11/turn              (no ring)

@: infused, can't hop, drained, slow
A: +LOS, swims, slowness 1, strong legs 1
a: Hop


You were on level 4 of the Dungeon.
You were not hungry.

You visited 1 branch of the dungeon, and saw 4 of its levels.

You collected 158 gold pieces.

Inventory:

Hand Weapons
 a - a +0 hand axe (weapon)
Missiles
 e - 119 stones (quivered)
 m - 32 arrows
 o - 56 sling bullets
 s - 33 poisoned darts
Armour
 b - a +0 leather armour
 h - a +1 ring mail of fire resistance (worn)
 u - a +0 cloak (worn)
 v - a +0 pair of boots (worn)
Jewellery
 f - a ring of poison resistance (left hand)
 t - an uncursed ring of protection from cold {unknown}
 x - an amulet of inaccuracy (around neck)
Scrolls
 g - 4 scrolls of identify
 i - a scroll of remove curse
 j - a scroll of blinking
 w - a scroll of amnesia {unknown}
Potions
 l - a potion of invisibility {unknown}
 n - a potion of might {unknown}
 p - 3 potions of curing
 q - 2 potions of lignification {unknown}
 r - a potion of agility {unknown}
Comestibles
 d - 5 rations
 z - 2 chunks of flesh


   Skills:
 * Level 3.3(2.6) Fighting
 * Level 3.5(2.8) Axes
 * Level 2.4(1.7) Armour
 + Level 2.6(1.9) Dodging
 * Level 2.4(1.7) Spellcasting
 * Level 4.2(3.5) Charms


You had 3 spell levels left.
You knew the following spells:

 Your Spells              Type           Power        Failure   Level  Hunger
a - Infusion              Chrm           ##..         12%         1    ##.....
b - Song of Slaying       Chrm           ##......     19%         2    ###....
c - Shroud of Golubria    Chrm/Tloc      #.....       36%         2    ###....

Your spell library contained the following spells:

 Spells                   Type           Power        Failure   Level  Hunger
 Regeneration             Chrm/Necr      #.........   58%         3    ####...
 Spectral Weapon          Hex/Chrm       #.......     58%         3    ####...


Dungeon Overview and Level Annotations

Branches:
Dungeon (4/15)
 Temple: D:4-7

Altars:
Cheibriados
The Shining One


Innate Abilities, Weirdness & Mutations

Shadows flee at your approach. (+LOS)
You can swim through water.
You cover ground slowly.
You can hop short distances.


Message History

The two-headed ogre is lightly wounded.
The two-headed ogre misses you.
The two-headed ogre hits you with a +0 giant spiked club!
Hop to where?
Press: ? - help, Dir - move target cursor Boing!
As you read the scroll labeled ABLEB JO USI, it crumbles to dust.
You hear a loud clanging noise!
It was a scroll of noise.
You hear an angry hiss. x2
As you read the scroll labeled IKULOINGETH, it crumbles to dust.
It is a scroll of identify.
p - 3 potions of curing
As you read the scroll labeled RUMUECS KICVUCK, it crumbles to dust.
The creatures around you are filled with an inner flame!
It was a scroll of immolation.
The two-headed ogre hits you with a cursed -1 giant spiked club!
* * * LOW HITPOINT WARNING * * *
The two-headed ogre hits you with a +0 giant spiked club!
You die...

...................##..
# ..............#.....
#.##.#..............#
#...................#..
####...................
##.#.##..............
#..............#...#
#..#.#.........#..##
#....###..###
#......................
#....................##
#..........#######...##
####...................


You could see a two-headed ogre (inner flame).

Vanquished Creatures
  A worker ant (D:4)
  3 adders
  An ooze (D:3)
  3 worms
  A dart slug (D:3)
  4 leopard geckos
  11 orcs (D:3)
  2 giant cockroaches
  7 hobgoblins
  A quokka (D:3)
  6 bats
  A frilled lizard (D:1)
  2 goblins (D:2)
  4 kobolds
  10 rats
57 creatures vanquished.

Notes
Turn   | Place    | Note
-------+----------+-------------------------------------------
     0 | D:1      | Bronimir the Barachi Skald began the quest for the Orb.
     0 | D:1      | Reached XP level 1. HP: 17/17 MP: 3/3
   544 | D:1      | Reached XP level 2. HP: 19/23 MP: 5/5
   769 | D:1      | Found a glowing golden altar of the Shining One.
  1139 | D:2      | Reached XP level 3. HP: 9/28 MP: 0/6
  1344 | D:2      | Learned a level 2 spell: Song of Slaying
  1347 | D:2      | Learned a level 2 spell: Shroud of Golubria
  2331 | D:3      | Reached XP level 4. HP: 30/35 MP: 0/7
  3357 | D:4      | Reached skill level 4 in Charms
  3357 | D:4      | Reached XP level 5. HP: 35/41 MP: 2/8
  3585 | D:4      | Found a snail-covered altar of Cheibriados.
  3771 | D:4      | Noticed a two-headed ogre
  3794 | D:4      | Slain by a two-headed ogre

Levels and vault maps discovered:
D:1:      ncdulo_halloftheorcs, layout_basic, tso_altar
D:2:      layout_rooms
D:3:      layout_loops_corners
D:4:      layout_basic, cheibriados_altar_1

Skill      XL: |  1  2  3  4 |
---------------+-------------+-----
Armour         | 2 |  2.4
Axes           | 3 |  3.5
Fighting       | 3 |  3.3
Charms         | 4 |  4.2
Dodging        | |  2.6
Spellcasting   | |  2.4

Action                   |  1- 3 |  4- 6 || total
-------------------------+-------+-------++-------
Melee: Hand axe          |   171 |   131 ||   302
 Cast: Infusion          |     4 |     8 ||    12
       Shroud of Golubri |       |     3 ||     3
       Song of Slaying   |       |     1 ||     1
 Abil: Hop               |       |     1 ||     1
  Use: Scroll            |     6 |     3 ||     9
  Eat: Chunk             |     5 |     3 ||     8
       Ration            |       |     1 ||     1
Armor: Ring mail         |    70 |    77 ||   147
       Leather armour    |     3 |       ||     3
Dodge: Dodged            |   101 |    73 ||   174
